 Dungeon Crawl Stone Soup version 0.20.0-10-g0535bb4 (console) character file.

179 removed the Cutter (level 5, 25/29 HPs)
             Began as a Deep Elf Assassin on June 5, 2017.
             Was a High Priest of Jiyva.
             Quit the game on level 4 of the Dungeon.
             The game lasted 00:05:26 (3063 turns).

removed the Cutter (Deep Elf Assassin)              Turns: 3063, Time: 00:05:27

Health: 25/29      AC: 10    Str:  9    XL:     5   Next: 32%
Magic:  7/7        EV: 10    Int: 17    God:    Jiyva [*****.]
Gold:   148        SH:  0    Dex: 15    Spells: 4/4 levels left

rFire    . . .     SeeInvis .   a - +1 dagger (speed)
rCold    + . .     Gourm    .   (no shield)
rNeg     . . .     Faith    .   u - +1 ring mail {rC+}
rPois    .         Spirit   .   (no helmet)
rElec    .         Reflect  .   d - +0 cloak
rCorr    +         Harm     .   w - +0 pair of gloves
MR       .....                  s - +0 pair of boots
Stlth    ++........             (no amulet)
Regen    0.1/turn               (no ring)
MPRegen  0.1/turn               (no ring)

@: no status effects
A: high mp 1, shaggy fur 1
a: Request Jelly, Slimify, Cure Bad Mutation, Renounce Religion


You were on level 4 of the Dungeon.
You worshipped Jiyva.
Jiyva was extremely pleased with you.
You were full.

You visited 1 branch of the dungeon, and saw 4 of its levels.

You collected 148 gold pieces.

Inventory:

Hand Weapons
 a - a +1 dagger of speed (weapon)
 b - a +0 blowgun
 t - a +2 dagger
Missiles
 e - 7 poisoned needles
 f - 2 curare-tipped needles
Armour
 c - a +0 robe
 d - a +0 cloak (worn)
 h - a +0 leather armour of magic resistance
 s - a +0 pair of boots (worn)
 u - a +1 ring mail of cold resistance (worn)
 w - a +0 pair of gloves (worn)
Scrolls
 i - a scroll of fog {unknown}
 k - a scroll of magic mapping {unknown}
 n - a scroll of remove curse {unknown}
 r - 2 scrolls of enchant armour {unknown}
Potions
 j - a potion of berserk rage {unknown}
 l - a potion of curing {unknown}
 m - 2 potions of degeneration {unknown}
 o - a potion of brilliance {unknown}
 q - a potion of experience {unknown}
Comestibles
 g - 3 bread rations
 p - 2 royal jellies
 v - 2 fruits
 x - a chunk of flesh


   Skills:
 - Level 1.5 Fighting
 + Level 5.6 Short Blades
 - Level 2.0 Throwing
 - Level 1.2 Dodging
 - Level 4.8 Stealth


You had 4 spell levels left.
You didn't know any spells.

Dungeon Overview and Level Annotations

Branches:
Dungeon (4/15)
 Temple: D:4-7

Altars:
Ashenzari
Sif Muna
Jiyva


Innate Abilities, Weirdness & Mutations

You have an increased reservoir of magic. (+10% MP)
You are covered in fur. (AC +1)


Message History

The kobold throws a stone.
The stone hits you but does no damage.
Things that are here:
a stone; 23 arrows You barely miss the kobold.
You hit the kobold.
The kobold is severely wounded.
The kobold barely misses you.
You hit the kobold.
You kill the kobold!
No target in view!
Things that are here:
a club; 4 stones You hear a distant slurping noise.
You may now expel jellies when seriously injured.
You can now call upon Jiyva to remove your harmful mutations.
Jiyva appreciates your sacrifice.
You feel a little less hungry.
You feel better.
Found a stone staircase leading up.
Found a deep blue altar of Sif Muna.
Are you sure you want to abandon this character and quit the game? (Confirm with "yes".)

.. ### #.# ..# #...
..# #.... ..# ##.....
..# ##....._. ..#
##@.# ..##### #...##
..>(..### #....##
..###.).## #.....##.
..#
###..######.........
####
##............##..
...####...###...#####
# .....)..### #.#.#
##...#### #.#..#


There were no monsters in sight!

Vanquished Creatures
  Natasha (D:3)
  4 gnolls (D:4)
  5 adders
  An ooze (D:2)
  2 dart slugs
  2 leopard geckos (D:1)
  2 orcs (D:3)
  3 giant cockroaches
  5 goblins
  5 hobgoblins
  6 jackals
  8 kobolds
  2 ball pythons (D:1)
  6 bats
  5 frilled lizards
  8 rats
65 creatures vanquished.

Vanquished Creatures (others)
  A jelly (D:4)
  A hound (D:4)
  A worker ant (D:4)
  Ijyb (D:3)
  Natasha (twice) (D:3)
  A worm (D:2)
  A dart slug (D:2)
  2 leopard geckos (D:3)
  6 orcs
  A ball python (D:3)
  2 giant cockroaches
  3 hobgoblins
  2 quokkas
  A bat (D:2)
  4 goblins
  2 kobolds
  2 rats
33 creatures vanquished.

Grand Total: 98 creatures vanquished

Notes
Turn   | Place    | Note
-------+----------+-------------------------------------------
     0 | D:1      | removed the Deep Elf Assassin began the quest for the Orb.
     0 | D:1      | Reached XP level 1. HP: 12/12 MP: 3/3
   401 | D:1      | Reached XP level 2. HP: 15/16 MP: 4/4
   480 | D:1      | Reached skill level 3 in Short Blades
  1029 | D:1      | Reached XP level 3. HP: 20/20 MP: 5/5
  1368 | D:2      | Found a faded altar of an unknown god.
  1470 | D:2      | Reached skill level 4 in Short Blades
  1538 | D:2      | Became a worshipper of Jiyva Jeirghyl the Shapeless
  1538 | D:2      | Reached * piety under Jiyva
  1648 | D:2      | Reached ** piety under Jiyva
  1662 | D:2      | Reached XP level 4. HP: 23/25 MP: 6/6
  2264 | D:3      | Noticed Natasha
  2269 | D:3      | Killed Natasha
  2269 | D:3      | Reached skill level 5 in Short Blades
  2289 | D:3      | Found a shattered altar of Ashenzari.
  2382 | D:3      | Killed Natasha
  2384 | D:3      | Reached *** piety under Jiyva
  2390 | D:3      | Gained mutation: You have an increased reservoir of magic. (+10% MP) [Jiyva's grace]
  2446 | D:3      | Reached XP level 5. HP: 13/29 MP: 7/7
  2491 | D:3      | Gained mutation: You are covered in fur. (AC +1) [Jiyva's grace]
  2491 | D:3      | Reached **** piety under Jiyva
  2617 | D:3      | Killed Natasha
  2680 | D:3      | Killed Ijyb
  3052 | D:4      | Reached ***** piety under Jiyva
  3062 | D:4      | Found a deep blue altar of Sif Muna.
  3063 | D:4      | Quit the game

Skill      XL: |  1  2  3  4 |
---------------+-------------+-----
Short Blades   | 3 4 5 |  5.6
Fighting       | |  1.5
Throwing       | |  2.0
Dodging        | |  1.2
Stealth        | |  4.8

Action                   |  1- 3 |  4- 6 || total
-------------------------+-------+-------++-------
Melee: Dagger            |   168 |   130 ||   298
 Fire: Blowgun           |     9 |       ||     9
 Stab: Sleeping          |     8 |     5 ||    13
       Distracted        |     1 |       ||     1
  Eat: Chunk             |     2 |       ||     2
Armor: Leather armour    |    39 |     9 ||    48
       Robe              |     1 |       ||     1
       Ring mail         |       |    11 ||    11
Dodge: Dodged            |    82 |    40 ||   122
